 Dungeon Crawl Stone Soup version 0.19.6-3-g7d5932f76a (webtiles) character file.

84 GRETA the Magician (level 4, 0/27 HPs)
             Began as a High Elf Ice Elementalist on Oct 5, 2020.
             Succumbed to an orc wizard's poison
             ... on level 3 of the Dungeon.
             The game lasted 00:04:51 (804 turns).

GRETA the Magician (High Elf Ice Elementalist)       Turns: 804, Time: 00:04:51

Health: 0/27       AC:  2    Str:  7    XL:     4   Next: 24%
Magic:  6/11       EV: 13    Int: 20    God:
Gold:   77         SH:  0    Dex: 15    Spells: 2 memorised, 7 levels left

rFire  + . .     SeeInvis +     l - +0 dagger
rCold  + . .     Gourm    .     a - +0 robe
rNeg   . . .     Faith    .     (no shield)
rPois  +         Spirit   .     (no helmet)
rElec  +         Reflect  .     (no cloak)
rCorr  +         Harm     .     (no gloves)
MR     .....                    (no boots)
Stlth  ++........               (no amulet)
                                (no ring)
                                k - ring of see invisible

@: lethally poisoned (0 -> -9), resistant, flying, very slightly contaminated,
hasted and slowed
A: no striking features
a: no special abilities


You were on level 3 of the Dungeon.
You were not hungry.

You visited 1 branch of the dungeon, and saw 3 of its levels.

You collected 77 gold pieces.

Inventory:

Hand Weapons
 e - a +1 dagger of venom
 l - a +0 dagger (weapon)
 v - a cursed -2 dagger
Missiles
 i - 8 arrows
 s - 7 poisoned needles
Armour
 a - a +0 robe (worn)
Jewellery
 k - a ring of see invisible (left hand)
Scrolls
 f - 2 scrolls of teleportation
 g - a scroll of fog
 h - a scroll of enchant weapon {unknown}
 t - a scroll of blinking {unknown}
 u - a scroll of fear {unknown}
Potions
 r - a potion of brilliance
Books
 b - a book of Frost

   Spells                             Type                      Level
   a - Freeze                         Ice                          1
   b - Throw Frost                    Conjuration/Ice              2
   c - Ozocubu's Armour               Charms/Ice                   3
   d - Throw Icicle                   Conjuration/Ice              4
   e - Summon Ice Beast               Ice/Summoning                4
Comestibles
 c - a bread ration
 d - 2 meat rations
 m - a beef jerky
 p - 5 chunks of flesh


   Skills:
 - Level 2.1 Dodging
 - Level 2.1 Stealth
 * Level 4.1 Spellcasting
   Level 1.1 Conjurations
 * Level 4.0 Ice Magic


You had 7 spell levels left.
You knew the following spells:

 Your Spells              Type           Power        Failure   Level  Hunger
q - Freeze                Ice            ###.         2%          1    None
x - Ozocubu's Armour      Chrm/Ice       ##......     17%         3    ###....


Dungeon Overview and Level Annotations

Branches:
Dungeon (3/15)

Altars:


Message History

You feel sick.
Items here: )) [[ a club; a ring mail; a dagger of venom; a robe
e - a dagger of venom
* * * LOW HITPOINT WARNING * * *
You feel sick.
Wield which item (- for none, * to show all)? (? for menu, Esc to quit)
Okay, then.
* * * LOW HITPOINT WARNING * * *
You feel sick.
* * * LOW HITPOINT WARNING * * *
You feel sick.
* * * LOW HITPOINT WARNING * * *
You feel sick.
* * * LOW HITPOINT WARNING * * *
You feel sick.
Your extra speed is starting to run out.
* * * LOW HITPOINT WARNING * * *
You feel sick.
You die...

#.# .######## #.# .#......# #.#
.#.# #.# ###.### .#.# #.#
####..... # .#.####.# #.......
.# ........# #.##.#.#..#
.#.#.#..# #.##.#@...###.......##
.....#..###.##......##.........#
..........)..........'.......o.+
.....#.####......<.###.$.....o.#
.#.###.# ####.#.### #.......#
.#.# #.# #.### #....o# .#.# #.#
#.# #...# .... .. #.# #(######
##.# ## #.# ######..)<...


There were no monsters in sight!

Vanquished Creatures
  An orc wizard (D:3)
  An ooze (D:2)
  4 dart slugs (D:2)
  A leopard gecko (D:2)
  5 orcs (D:3)
  2 giant cockroaches
  6 goblins
  4 hobgoblins
  2 jackals (D:1)
  3 kobolds
  A quokka (D:2)
  2 frilled lizards
  4 rats
36 creatures vanquished.

Notes
Turn   | Place    | Note
-------+----------+-------------------------------------------
     0 | D:1      | GRETA the High Elf Ice Elementalist began the quest for the Orb.
     0 | D:1      | Reached XP level 1. HP: 11/11 MP: 4/4
   182 | D:1      | Reached XP level 2. HP: 17/17 MP: 2/6
   431 | D:2      | Reached skill level 3 in Spellcasting
   516 | D:2      | Reached XP level 3. HP: 15/21 MP: 0/8
   553 | D:2      | Learned a level 3 spell: Ozocubu's Armour
   791 | D:3      | Reached skill level 4 in Spellcasting
   791 | D:3      | Reached skill level 4 in Ice Magic
   791 | D:3      | Reached XP level 4. HP: 17/27 MP: 7/11
   802 | D:3      | HP: 2/27 [poisoned by an orc wizard]
   804 | D:3      | Succumbed to an orc wizard's poison

Skill      XL: |  1  2  3 |
---------------+----------+-----
Spellcasting   | 3 4 |  4.1
Ice Magic      | 4 |  4.0
Dodging        | |  2.1
Stealth        | |  2.1
Conjurations   | |  1.1

Action                   |  1- 3 |  4- 6 || total
-------------------------+-------+-------++-------
Melee: Unarmed           |     1 |       ||     1
       Dagger            |    14 |       ||    14
 Cast: Freeze            |    58 |     4 ||    62
  Use: Scroll            |     4 |       ||     4
       Potion            |     2 |     2 ||     4
Armor: Robe              |     3 |       ||     3
Dodge: Dodged            |    29 |     1 ||    30
